 Dungeon Crawl Stone Soup version 0.19-a0-1922-g1e9a4c1 (webtiles) character file.

203 Morenatsu the Spear-Bearer (level 5, -1/38 HPs)
             Began as a Merfolk Gladiator on Oct 24, 2016.
             Killed by divine providence
             ... invoked by an orc priest
              (10 damage)
             ... on level 3 of the Dungeon.
             The game lasted 00:04:01 (2550 turns).

Morenatsu the Spear-Bearer (Merfolk Gladiator)      Turns: 2550, Time: 00:04:02

Health: -1/38      AC:  9    Str: 15    XL:     5   Next: 81%
Magic:  5/5        EV: 12    Int:  8    God:
Gold:   105        SH:  0    Dex: 15    Spells: 0 memorised, 4 levels left

rFire  . . .     SeeInvis .     a - +0 trident
rCold  . . .     Gourm    .     n - +2 ring mail {MR+}
rNeg   . . .     Faith    .     (no shield)
rPois  .         Spirit   .     c - +1 helmet
rElec  .         Reflect  .     (no cloak)
rCorr  .         Harm     .     (no gloves)
MR     +....                    (no boots)
Stlth  +.........               (no amulet)
                                (no ring)
                                (no ring)

@: no status effects
A: change form in water, swift swim, stealthy swim
a: no special abilities


You were on level 3 of the Dungeon.
You were not hungry.

You visited 1 branch of the dungeon, and saw 3 of its levels.

You collected 105 gold pieces.

Inventory:

Hand Weapons
 a - a +0 trident (weapon)
Missiles
 d - a throwing net (quivered)
Armour
 c - a +1 helmet (worn)
 n - a +2 ring mail of magic resistance (worn)
Scrolls
 h - 2 scrolls of identify
 i - a scroll of amnesia {unknown}
 j - 3 scrolls of remove curse
Potions
 e - a potion of haste
 k - a potion of cure mutation {unknown}
 m - a potion of lignification
Comestibles
 b - a beef jerky
 f - 4 bread rations
 g - 2 meat rations
 l - 2 slices of pizza


   Skills:
 - Level 2.1 Fighting
 + Level 9.1 Polearms
 - Level 2.0 Throwing
 - Level 4.0 Dodging


You had 4 spell levels left.
You didn't know any spells.

Dungeon Overview and Level Annotations

Branches:
Dungeon (3/15)

Altars:


Message History

You closely miss the orc. The orc hits you but does no damage.
You hit the orc.
The orc is heavily wounded.
The orc hits you with a club.
You barely miss the orc.
The orc is heavily wounded.
The orc priest invokes the aid of Beogh against you.
Beogh smites you!
* * * LOW HITPOINT WARNING * * *
You barely miss the orc.
The orc is heavily wounded.
The orc closely misses you.
Attack whom?
Press: ? - help, Dir - move target cursor, f - orc priest
Aim: an orc priest, wielding a mace (almost dead)
The orc is in the way.
You closely miss the orc.
The orc is heavily wounded.
The orc priest calls down the wrath of Beogh upon you.
Beogh smites you!
You die... #.#..# #..... .. ..#....###..... .. #. ###...##..... .. .. #.#.##..... .###.# #.#..#..... ..o.# #.##.#..... ooo

###.##.##'### #o#
#............
####@#########..#.###
#.................###
#....#####..........#
.......# #.......)..#
........#
#..........#
......###
#..........# ......
#..........# ......
#..........# ....
#.......>..#


You could see an orc priest and 4 orcs.

Vanquished Creatures
  An ogre (D:3)
  Terence (D:3)
  2 adders (D:2)
  An ooze (D:1)
  2 worms (D:2)
  A dart slug (D:1)
  4 leopard geckos
  6 bats
  5 giant cockroaches
  9 goblins
  7 hobgoblins
  4 jackals (D:2)
  2 quokkas
  A frilled lizard (D:2)
  5 kobolds
  6 rats
57 creatures vanquished.

Notes
Turn   | Place    | Note
-------+----------+-------------------------------------------
     0 | D:1      | Morenatsu the Merfolk Gladiator began the quest for the Orb.
     0 | D:1      | Reached XP level 1. HP: 16/16 MP: 1/1
    84 | D:1      | Reached skill level 5 in Polearms
   112 | D:1      | Reached XP level 2. HP: 20/22 MP: 2/2
   341 | D:1      | Reached skill level 6 in Polearms
   341 | D:1      | Reached XP level 3. HP: 24/27 MP: 3/3
  1384 | D:2      | Reached XP level 4. HP: 26/33 MP: 4/4
  1390 | D:2      | Reached skill level 7 in Polearms
  2059 | D:3      | Noticed Terence
  2059 | D:3      | Noticed an ogre
  2069 | D:3      | Killed an ogre
  2069 | D:3      | Reached skill level 8 in Polearms
  2069 | D:3      | Reached XP level 5. HP: 38/38 MP: 5/5
  2075 | D:3      | Killed Terence
  2075 | D:3      | Reached skill level 9 in Polearms
  2550 | D:3      | Killed from afar by an orc priest

Vault maps used:
D:1:      dpeg_arrival_signposts
D:2:      minmay_pentomino_o4
D:3:      small_statue_intersection, grunt_decor_one_mirror, uniq_terence

Skill      XL: |  1  2  3  4  5 |
---------------+----------------+-----
Polearms       | 5 6 8 9 |  9.1
Fighting       | |  2.1
Throwing       | |  2.0
Dodging        | |  4.0

Action                   |  1- 3 |  4- 6 || total
-------------------------+-------+-------++-------
Melee: Trident           |   114 |    74 ||   188
Throw: Throwing net      |       |     2 ||     2
  Use: Scroll            |     7 |     2 ||     9
 Stab: Sleeping          |     1 |       ||     1
       Held in net/web   |       |     1 ||     1
  Eat: Chunk             |     1 |     4 ||     5
Armor: Leather armour    |    18 |     4 ||    22
       Ring mail         |       |    10 ||    10
Dodge: Dodged            |    59 |    26 ||    85
